 Dungeon Crawl Stone Soup version 0.18.1-50-g88ac8fd (webtiles) character file.

719 negitausen the Skirmisher (level 7, -1/50 HPs)
             Began as a Demonspawn Berserker on Sept 15, 2016.
             Was an Elder of Trog.
             Slain by a giant frog zombie (6 damage)
             ... on level 6 of the Dungeon on Sept 17, 2016.
             The game lasted 00:28:40 (3454 turns).

negitausen the Skirmisher (Demonspawn Berserker)    Turns: 3454, Time: 00:28:41

Health: -1/50      AC: 11    Str: 19    XL:     7   Next: 42%
Magic:  7/7        EV: 11    Int:  9    God:    Trog [****..]
Gold:   280        SH:  0    Dex: 14    Spells: 0 memorised, 6 levels left

rFire  + . .     SeeInvis .     a - +0 mace
rCold  . . .     Gourm    +     d - +1 scale mail
rNeg   . . .     Faith    .     (no shield)
rPois  +         Spirit   .     (no helmet)
rElec  .         Dismiss  .     u - +0 cloak
rCorr  .         Reflect  .     (no gloves)
SustAt +         Harm     .     (no boots)
MR     .....                    p - amulet of the gourmand
Stlth  ..........               f - ring of sustain attributes
                                n - ring of poison resistance

@: lethally poisoned (-1 -> -2), not resistant to hostile enchantments,
extremely unstealthy
A: talons 1, thin metallic scales 1, agile 1, blurry vision 1, demonic guardian
1, deterioration 1, fire resistance 1, frail 1, regeneration 1, screaming 1
a: Berserk, Trog's Hand, Brothers in Arms, Burn Spellbooks, Renounce Religion


You were on level 6 of the Dungeon.
You worshipped Trog.
Trog was greatly pleased with you.
You were very full.

You visited 1 branch of the dungeon, and saw 6 of its levels.

You collected 280 gold pieces.

Inventory:

Hand Weapons
 a - a +0 mace (weapon)
Missiles
 q - 36 bolts
 w - 2 throwing nets (quivered)
Armour
 b - a +0 animal skin
 d - a +1 scale mail (worn)
 h - a +0 cloak
 u - a +0 cloak (worn)
Jewellery
 e - an uncursed ring of protection from cold
 f - a ring of sustain attributes (right hand)
 g - an uncursed ring of protection from cold
 n - a ring of poison resistance (left hand)
 o - an uncursed ring of positive energy
 p - an amulet of the gourmand (around neck)
 t - an uncursed ring of magical power
Wands
 m - a wand of paralysis (12/24)
 r - a wand of polymorph (13/24)
Scrolls
 i - 4 scrolls of teleportation
 k - 2 scrolls of identify
 s - a scroll of immolation
Potions
 x - a potion of curing
 z - 2 potions of brilliance
Comestibles
 c - 4 bread rations
 j - 2 beef jerkies
 l - 5 fruits


   Skills:
 + Level 5.1 Fighting
 + Level 4.3 Maces & Flails
 + Level 3.9 Armour
 + Level 4.1 Dodging
 + Level 1.2 Stealth


You had 6 spell levels left.
You didn't know any spells.

Dungeon Overview and Level Annotations

Branches:
Dungeon (6/15)             Temple (0/1) D:4

Altars:
Ashenzari
Pakellas
Qazlal
Vehumet
Xom
Yredelemnul


Innate Abilities, Weirdness & Mutations

You have sharp toenails.
You are partially covered in thin metallic scales (AC +2).
A weak demonic guardian rushes to your aid.
You are agile. (Dex +2)
Scrolls take you a little longer to read.
Your body sometimes deteriorates upon taking damage.
Your flesh is heat resistant.
You are frail (-10% HP).
Your natural rate of healing is unusually fast.
You occasionally shout uncontrollably at your foes.


Message History

The giant frog zombie hits your white imp.
Your white imp dies!
Your white imp barely misses the giant frog zombie.
Your white imp gestures at the giant frog zombie.
The puff of frost hits the giant frog zombie.
The giant frog zombie resists.
Your white imp hits the giant frog zombie.
Your white imp freezes the giant frog zombie.
The giant frog zombie completely resists.
You feel sick.
The giant frog zombie hits your white imp but does no damage.
Your white imp hits the giant frog zombie.
Your white imp freezes the giant frog zombie.
The giant frog zombie completely resists.
The giant frog zombie hits your white imp.
Your white imp disappears in a puff of smoke!
The giant frog zombie hits you.
* * * LOW HITPOINT WARNING * * *
The giant frog zombie hits you.
You die...

............+
............# #######
............# #.....#
............# #.....#
............#
#.....############.....#
#............#..††.....#
#............#..Z#.....#
#............#.@.#.....###
#............#...#........
#.....##.....#...#........
#.....##.....#...#........
#.....##...###...#........
#.....##...###...#........
#..........'.....'........
#..........#.....#<.......
#..........#.....#........


You could see a giant frog zombie.

Vanquished Creatures
  An ogre (D:4)
  A howler monkey (D:5)
  A crimson imp (D:5)
  A centaur zombie (D:5)
  2 centaur skeletons (D:4)
  A hound (D:5)
  A statue (D:4)
  3 worker ants
  2 worker ant zombies (D:5)
  3 gnolls (D:5)
  7 adders
  An ooze (D:4)
  An adder skeleton (D:5)
  3 worms
  A dart slug (D:3)
  4 giant geckos
  3 orcs (D:3)
  6 giant cockroaches
  6 goblins
  10 hobgoblins
  7 kobolds
  2 quokkas
  10 bats
  A giant gecko skeleton (D:5)
  4 giant newts
  2 gnoll zombies (D:3)
  8 rats
92 creatures vanquished.

Vanquished Creatures (collateral kills)
  A sky beast (D:5)
  3 killer bees (D:6)
  A gnoll (D:5)
5 creatures vanquished.

Grand Total: 97 creatures vanquished

Notes
Turn   | Place    | Note
--------------------------------------------------------------
     0 | D:1      | negitausen the Demonspawn Berserker began the quest for the Orb.
     0 | D:1      | Reached XP level 1. HP: 18/18 MP: 1/1
    60 | D:1      | Gained mutation: You are partially covered in thin metallic scales (AC +2). [demonic ancestry]
    60 | D:1      | Reached XP level 2. HP: 13/24 MP: 2/2
   259 | D:1      | Reached ** piety under Trog
   469 | D:2      | Reached XP level 3. HP: 24/29 MP: 3/3
   609 | D:2      | Found a shattered altar of Ashenzari.
   731 | D:2      | Gained mutation: Your body sometimes deteriorates upon taking damage. [potion of mutation]
   731 | D:2      | Gained mutation: You are frail (-10% HP). [potion of mutation]
   731 | D:2      | Gained mutation: Your natural rate of healing is unusually fast. [potion of mutation]
   732 | D:2      | Gained mutation: Scrolls take you a little longer to read. [potion of mutation]
   732 | D:2      | Gained mutation: You occasionally shout uncontrollably at your foes. [potion of mutation]
   944 | D:3      | Found a stormy altar of Qazlal.
  1144 | D:3      | Gained mutation: A weak demonic guardian rushes to your aid. [demonic ancestry]
  1144 | D:3      | Reached XP level 4. HP: 22/32 MP: 4/4
  1174 | D:3      | Reached *** piety under Trog
  1192 | D:3      | Found a shimmering altar of Xom.
  1451 | D:3      | Found a basalt altar of Yredelemnul.
  1790 | D:4      | Found a staircase to the Ecumenical Temple.
  1892 | D:4      | Reached skill level 4 in Fighting
  1892 | D:4      | Reached XP level 5. HP: 32/37 MP: 5/5
  2132 | D:4      | Noticed an ogre
  2140 | D:4      | Killed an ogre
  2140 | D:4      | Reached skill level 1 in Stealth
  2151 | D:4      | Found a radiant altar of Vehumet.
  2151 | D:4      | Noticed a charred statue
  2271 | D:4      | Killed a charred statue
  2271 | D:4      | Reached XP level 6. HP: 37/43 MP: 6/6
  2399 | D:5      | Entered Level 5 of the Dungeon
  2678 | D:5      | Found an oddly glowing altar of Pakellas.
  2812 | D:5      | Noticed a sky beast
  2833 | D:5      | Killed a sky beast
  3001 | D:5      | Gained mutation: You have sharp toenails. [demonic ancestry]
  3001 | D:5      | Reached XP level 7. HP: 25/49 MP: 7/7
  3049 | D:5      | Reached **** piety under Trog
  3141 | D:5      | Reached skill level 5 in Fighting
  3377 | D:6      | Gained mutation: You are agile. (Dex +2) [potion of beneficial mutation]
  3384 | D:6      | Gained mutation: Your flesh is heat resistant. [potion of beneficial mutation]
  3454 | D:6      | Slain by a giant frog zombie

Skill      XL: |  1  2  3  4  5  6  7 |
---------------+----------------------+-----
Maces & Flails | 3 4 |  4.3
Dodging        | 2 3 4 |  4.1
Armour         | 2 3 |  3.9
Fighting       | 4 5 |  5.1
Stealth        | 1 |  1.2

Action                   |  1- 3 |  4- 6 |  7- 9 || total
-------------------------+-------+-------+-------++-------
Melee: Mace              |   165 |   227 |    58 ||   450
       Kick              |       |       |    13 ||    13
Invok: Burn Spellbooks   |       |       |     1 ||     1
  Use: Potion            |     6 |     3 |     2 ||    11
       Scroll            |     8 |     4 |       ||    12
 Stab: Invisible         |       |     2 |       ||     2
  Eat: Bread ration      |       |     1 |       ||     1
       Chunk             |       |     2 |    11 ||    13
Armor: Animal skin       |     6 |       |       ||     6
       Scale mail        |    76 |   117 |    32 ||   225
Dodge: Dodged            |   122 |   130 |    46 ||   298
